 Dungeon Crawl Stone Soup version 0.18.1-50-g88ac8fd (webtiles) character file.

265520 Krapule the Warrior (level 20, 0/283 HPs)
             Began as a Hill Orc Fighter on Oct 28, 2016.
             Was the Champion of Beogh.
             Slain by a merfolk javelineer
             ... wielding a +4 spear of piercing
              (5 damage)
             ... on level 4 of the Shoals on Oct 31, 2016.
             The game lasted 06:50:57 (45659 turns).

Krapule the Warrior (Hill Orc Fighter)             Turns: 45659, Time: 06:50:58

Health: 0/283      AC: 30    Str: 39    XL:     20   Next: 7%
Magic:  42/42      EV:  2    Int:  8    God:    Beogh [******]
Gold:   2360       SH: 19    Dex: 19    Spells: 0 memorised, 19 levels left

rFire  . . .     SeeInvis .     O - +7 demon trident (vamp)
rCold  . . .     Gourm    .     (armour currently unavailable)
rNeg   + + +     Faith    .     c - +0 shield
rPois  +         Spirit   .     (helmet currently unavailable)
rElec  .         Dismiss  .     (cloak currently unavailable)
rCorr  .         Reflect  .     (gloves currently unavailable)
SustAt .         Harm     .     (boots currently unavailable)
MR     ++...     Rnd*Rage +     j - amulet of regeneration
Stlth  +++....... NoTele   +    M - ring "Tiyfihou" {MR+ MP+9 Int+4}
                                Z - ring of Faidily {rPois rN+ Str+6 Int-4 Dex+4}

@: mighty, agile, tree-form, afraid, manticore barbs, very slightly
contaminated, slowed, very slow, very resistant to hostile enchantments, fairly
stealthy
A: walk on water, berserk 1, screaming 1
a: Smiting, Recall Orcish Followers, Give Item to Named Follower, Resurrection,
Renounce Religion
}: 2/15 runes: abyssal, gossamer


You were on level 4 of the Shoals.
You worshipped Beogh.
Beogh was exalted by your worship.
You were hungry.
You were a tree.
You visited 6 branches of the dungeon, and saw 36 of its levels.
You visited the Abyss 5 times.
You visited 1 bazaar.
You also visited: Sewer and Ice Cave.

You collected 4337 gold pieces.
You spent 1977 gold pieces at shops.

Inventory:

Hand Weapons
 O - a +7 vampiric demon trident (weapon)
Armour
 c - a +0 shield (worn)
 i - a +1 cloak (melded)
 m - the cursed +0 pair of boots "Ezeogg" (melded) {rC++ Str+5}
   (You found it on level 1 of the Elven Halls)

   It affects your strength (+5).
   It greatly protects you from cold.
   It has a curse placed upon it.
 p - a +0 pair of gloves (melded)
 C - a +2 helmet of see invisible (melded)
 J - the +2 scale mail of Tuumokef (melded) {+Blink MR- Str+10 Int+2}
   (You found it on level 1 of the Lair of Beasts)

   It affects your strength (+10).
   It affects your intelligence (+2).
   It affects your resistance to hostile enchantments.
   It lets you blink.
Jewellery
 b - an uncursed ring of sustain attributes
 d - an uncursed ring of protection from fire
 j - an amulet of regeneration (around neck)
 w - an uncursed ring of positive energy
 A - an uncursed ring of resist corrosion
 D - an uncursed ring of protection from cold
 F - the brooch of Shielding {Reflect SH+8}
   (You took it off a deep elf elementalist on level 3 of the Elven Halls)

   [amulet of reflection]

   It shields you and reflects attacks.
   It affects your SH (+8).
 G - a +4 ring of protection
 M - the ring "Tiyfihou" (right branch) {MR+ MP+9 Int+4}
   (You bought it in a shop in a bazaar)

   [ring of protection from magic]

   It affects your intelligence (+4).
   It affects your resistance to hostile enchantments.
   It affects your magic capacity (+9).
 Z - the ring of Faidily (left branch) {rPois rN+ Str+6 Int-4 Dex+4}
   (You bought it in a shop on level 7 of the Dungeon)

   [ring of positive energy]

   It affects your strength (+6).
   It affects your intelligence (-4).
   It affects your dexterity (+4).
   It protects you from poison.
   It protects you from negative energy.
Wands
 a - a wand of iceblast (3/15)
 r - a wand of digging (12/24)
 x - a wand of disintegration (0/24)
 S - a wand of iceblast (0/15)
Scrolls
 h - 12 scrolls of remove curse
 l - 6 scrolls of teleportation
 n - 2 scrolls of silence
 y - 6 scrolls of identify
 H - a scroll of magic mapping
 N - a scroll of holy word
 Q - 3 scrolls of fog
 X - 3 scrolls of blinking
Potions
 e - 4 potions of haste
 g - 5 potions of lignification
 k - 5 potions of magic
 o - 9 potions of curing
 q - 3 potions of heal wounds
 t - 5 potions of invisibility
 u - a potion of ambrosia
 z - 5 potions of agility
 P - 4 potions of cancellation
 U - a potion of flight
 V - 3 potions of might
Miscellaneous
 W - a crystal ball of energy
Comestibles
 f - 12 bread rations
 v - 7 royal jellies
 B - 3 chunks of flesh


   Skills:
 + Level 18.8 Fighting
 + Level 17.1 Polearms
 + Level 17.3 Armour
 + Level 17.2 Shields
 + Level 18.8 Invocations


You had 19 spell levels left.
You didn't know any spells.

Dungeon Overview and Level Annotations

Branches:
Dungeon (15/15)            Temple (0/1) D:6            Lair (8/8) D:8
 Shoals (4/4) Lair:6       Spider (4/4) Lair:6        Slime (0/6) Lair:6
    Orc (2/2) D:10            Elf (3/3) Orc:2        Vaults (0/5) D:14
 Depths (0/5) D:15

Altars:
Ashenzari
Dithmenos
Fedhas
Gozag
Kikubaaqudgha
Makhleb
Okawaru
Pakellas
Ru
Trog
Vehumet
Xom
Zin
The Shining One
Beogh
Jiyva

Shops:
D:6 %   D:7 =   D:8 *   D:14 [   Orc:2 *[*[   Elf:1 }

Annotations:
Shoals:4 Ilsuiw


Innate Abilities, Weirdness & Mutations

You can walk on water.
You tend to lose your temper in combat.
You occasionally shout uncontrollably at your foes.


Message History

The satyr plays a rousing melody on his pipes!
The satyr's allies are stirred to greatness!
Drink which item? (? for menu, Esc to quit)
You feel much better.
The faun no longer looks unusually strong. x2
The satyr plays a rousing melody on his pipes!
The fauns are stirred to greatness!
The manticore flicks its tail.
Urug blocks the volley of spikes.
The satyr unwields an uncursed club.
The satyr wields a longbow.
The satyr shoots an arrow.
You block the arrow. The griffon completely misses you.
The griffon pecks you but does no damage.
The griffon claws you but does no damage.
You block the merfolk impaler's attack.
Warrok misses the faun.
The faun hits you with an uncursed quarterstaff!!
* * * LOW HITPOINT WARNING * * *
The merfolk hits you from afar with a trident!!
* * * LOW HITPOINT WARNING * * *
The merfolk javelineer hits you from afar with a spear of piercing.
You die...

,,,,,,,,,,,,≈≈≈≈≈≈≈≈≈≈≈≈≈≈≈≈≈≈≈≈≈
,,,,,,,,,≈≈≈≈≈≈≈≈≈≈≈≈≈≈≈≈≈≈≈≈≈≈≈≈
,,,,,,,,,≈≈≈≈≈≈≈≈≈≈≈≈≈≈≈≈≈≈≈≈≈≈≈≈
,,,,,,,,≈≈≈≈≈≈≈≈P≈≈?≈≈≈≈≈≈≈≈≈≈≈≈≈
,,,,,,,≈≈≈≈≈≈P≈≈≈≈≈≈≈≈≈≈≈≈≈≈≈≈≈≈≈
,,≈≈≈≈≈≈≈≈≈≈≈..P≈≈≈≈≈≈≈≈≈≈≈≈≈≈≈≈≈
≈≈≈≈≈≈≈≈≈≈≈PP.m..≈P≈≈≈≈≈≈≈≈≈≈≈≈≈≈
≈≈≈≈≈≈≈≈≈≈≈≈P.cHo≈≈≈P≈≈≈≈≈≈≈≈≈≈≈≈
≈≈≈≈≈≈,,,≈≈≈≈.m.♣o≈≈≈≈≈≈≈≈≈≈≈≈≈≈≈
≈≈≈≈≈,,,,≈≈≈≈..Hcc≈≈≈≈≈≈≈≈≈≈≈≈≈≈≈
≈≈≈≈≈,,,,..≈≈≈P.mmc≈≈≈≈≈≈≈≈≈≈≈≈≈≈
≈≈≈≈≈,,,,.....c.cc.≈oH≈≈≈≈≈≈≈≈≈≈≈
≈≈≈≈≈,,,,..........≈(≈≈≈≈≈≈≈≈≈≈≈≈
≈≈≈≈≈≈,,,......c...≈≈≈≈≈≈≈≈≈≈≈≈≈≈
≈≈≈≈≈≈,,,..≈≈≈≈≈≈≈≈≈≈≈≈≈≈≈≈≈≈≈≈≈≈
≈≈≈≈≈≈,,,≈≈≈≈≈≈≈≈≈≈≈≈≈≈(≈≈≈≈≈≈≈≈≈
≈≈≈≈≈≈≈≈≈≈≈,,≈≈≈≈≈≈≈≈≈≈≈≈≈≈≈≈≈≈≈≈


You could see a merfolk impaler, a merfolk javelineer, a griffon, 6 satyrs, 2
merfolk, 2 fauns, 2 manticores, the friendly Warrok the orc warlord, the
friendly Brandogh the orc knight and the friendly Urug.

Vanquished Creatures
  A bone dragon (Abyss:2)
  Arachne (Spider:3)
  Asterion (Spider:1)
  A deep elf blademaster (Elf:3)
  2 tentacled starspawn (Abyss:3)
  2 deep elf master archers (Elf:3)
  Donald (Spider:3)
  2 deep elf sorcerers (Elf:3)
  5 ghost moths
  Aizul (Spider:1)
  2 emperor scorpions (Spider:4)
  4 deep elf elementalists (Elf:3)
  A stone giant (Shoals:1)
  3 very ugly things
  7 starcursed masses
  4 deep elf annihilators (Elf:3)
  The ghost of manyhoops the Warrior, a journeyman OgHu of Okawaru (D:12)
  5 deep elf demonologists (Elf:3)
  A salamander stormcaller (Abyss:3)
  An ettin (Orc:2)
  A merfolk javelineer (Shoals:2)
  A spark wasp (Spider:4)
  A green death (Abyss:3)
  Erolcha (D:9)
  2 merfolk impalers
  A jiangshi (Abyss:3)
  4 deep elf death magi (Elf:3)
  2 deep elf high priests (Elf:3)
  Josephine (Spider:1)
  Fannar (D:12)
  3 entropy weavers
  2 ogre magi (Orc:2)
  A death knight (D:15)
  5 hydras
  A catoblepas (Lair:8)
  A merfolk avatar (Abyss:3)
  4 centaur warriors
  17 dancing weapons
  A death yak (Lair:5)
  2 vampire magi (Abyss:3)
  2 alligator snapping turtles (Shoals:1)
  2 merfolk aquamancers
  A tengu warrior (D:15)
  2 thrashing horrors (Abyss:3)
  8 deep elf knights
  The ghost of olma the Basher, a novice TrBe of Trog (D:7)
  Nergalle (D:10)
  2 spatial maelstroms (Abyss:3)
  4 wretched stars
  2 deep trolls
  11 sea snakes
  Pikel (D:6)
  4 hill giants
  A necromancer (D:14)
  23 deep elf magi
  13 harpies
  12 orb spiders
  5 fauns
  The ghost of Franakus the Destroyer, a novice DECj of Vehumet (D:10)
  6 ugly things
  A worldbinder (Abyss:3)
  12 wolf spiders
  6 manticores
  4 hornets (Spider:4)
  5 griffons
  10 cyclopes
  A sixfirhy (Abyss:3)
  9 sirens
  A moth of wrath (Spider:1)
  A black mamba (Lair:8)
  A torpor snail (Spider:4)
  3 water nymphs
  4 smoke demons
  2 orange demons (Abyss:3)
  A kobold demonologist (D:12)
  14 spiny frogs
  3 efreet
  A yaktaur (D:15)
  2 demonic crawlers
  A tormentor (Abyss:3)
  5 komodo dragons
  6 ancient zymes (Abyss:3)
  5 merfolk
  10 trolls
  9 two-headed ogres
  3 polar bears
  18 jumping spiders
  9 large abominations
  2 giant leeches
  A wind drake (Shoals:2)
  4 boulder beetles
  Prince Ribbit (D:8)
  5 raiju
  A snapping turtle (Shoals:1)
  13 blink frogs
  A snapping turtle (shapeshifter) (Abyss:3)
  A slime creature (D:14)
  34 redbacks
  11 tarantellas
  An ettin skeleton (Abyss:3)
  6 water elementals
  20 yaks
  A wyvern (D:13)
  2 ynoxinuls (Abyss:3)
  8 orc warriors
  A wraith (Spider:1)
  Sigmund (D:6)
  3 chaos spawn
  A fire elemental (Elf:3)
  3 hippogriffs
  A hungry ghost (D:11)
  A basilisk (Lair:6)
  4 wargs
  A mottled dragon (D:14)
  2 neqoxecs
  2 vampire mosquitoes
  Edmund (D:4)
  16 water moccasins
  Duvessa (D:6)
  5 hell hounds (Abyss:3)
  6 porcupines
  2 necrophages
  2 wasps
  An eye of draining (Abyss:3)
  2 ice beasts
  20 ogres
  4 phantoms
  2 sky beasts
  8 wolves
  A boggart (D:13)
  13 crocodiles
  9 centaurs
  5 big kobolds
  20 giant frogs
  An earth elemental (Abyss:3)
  A wyvern skeleton (D:14)
  3 scorpions
  2 troll zombies (D:10)
  Dowan (D:6)
  6 killer bees
  11 electric eels
  5 wights
  2 centaur zombies
  9 small abominations
  7 crimson imps
  2 giant frog zombies (D:6)
  2 iron imps (Abyss:3)
  A centaur skeleton (D:12)
  9 hounds
  2 jellies
  5 quasits
  4 giant frog skeletons
  A gnoll shaman (D:4)
  An orc priest (D:12)
  11 orc wizards
  8 iguanas
  8 worker ants
  15 sheep
  4 ogre zombies (D:10)
  A hound zombie (D:9)
  3 hound skeletons
  2 worker ant zombies
  6 gnolls (D:4)
  35 river rats
  15 adders
  A howler monkey skeleton (D:7)
  2 ufetubi (Abyss:3)
  An adder skeleton (D:8)
  A worm (D:4)
  2 dart slugs (D:2)
  5 giant geckos
  21 orcs
  7 bats
  10 giant cockroaches
  5 goblins
  6 hobgoblins
  24 jackals
  22 kobolds
  4 quokkas
  2 ball pythons (D:2)
  5 giant newts
  3 goblin skeletons
  A goblin zombie (D:5)
  2 hobgoblin skeletons (D:10)
  6 hobgoblin zombies
  A jackal skeleton (D:5)
  A kobold skeleton (D:5)
  4 kobold zombies (D:5)
  6 orc skeletons
  7 orc zombies
  A quokka skeleton (D:4)
  12 rats
  2 fungi
  2 starspawn tentacles (Abyss:3)
946 creatures vanquished.

Vanquished Creatures (collateral kills)
  A deep elf blademaster (Elf:3)
  A tentacled starspawn (Abyss:3)
  A deep elf sorcerer (Elf:2)
  An iron dragon (D:13)
  A ghost moth (Spider:4)
  2 emperor scorpions (Spider:4)
  2 deep elf demonologists (Elf:3)
  A salamander stormcaller (Abyss:3)
  A merfolk javelineer (Shoals:1)
  A spark wasp (Spider:3)
  Snorg (Orc:1)
  2 ogre magi (D:15)
  A deep elf high priest (Elf:1)
  A vault guard (D:14)
  A jiangshi (Abyss:3)
  3 orc knights
  A yaktaur captain (D:15)
  3 entropy weavers
  A rakshasa (Abyss:3)
  5 hydras
  Harold (Lair:1)
  A merfolk avatar (Shoals:1)
  3 centaur warriors
  12 dancing weapons
  2 death yaks (Lair:5)
  A satyr (Shoals:3)
  An alligator snapping turtle (Shoals:1)
  A vampire mage (Abyss:3)
  7 deep elf knights
  4 starcursed masses (Abyss:3)
  A wretched star (Elf:2)
  A sea snake (Shoals:1)
  3 unseen horrors
  6 hill giants
  A large abomination (Abyss:3)
  A lindwurm (D:14)
  A harpy (shapeshifter) (Elf:3)
  4 deep elf archers
  14 harpies
  9 orb spiders
  34 deep elf magi
  2 griffons
  17 wolf spiders
  6 fauns
  4 hornets
  6 ugly things
  6 manticores
  3 centaur zombies
  2 sirens
  A moth of wrath (Spider:2)
  6 cyclopes
  A water nymph (Shoals:1)
  2 orange demons (Abyss:3)
  4 black mambas
  2 gargoyles (D:14)
  24 jumping spiders
  11 spiny frogs
  3 rime drakes
  A centaur skeleton (D:15)
  9 demonic crawlers
  2 freezing wraiths
  4 trolls
  A harpy zombie (Shoals:4)
  A polar bear (Lair:5)
  4 merfolk
  2 giant leeches (Lair:8)
  4 two-headed ogres
  4 snapping turtles
  15 blink frogs
  2 boulder beetles
  2 shadows
  A small abomination (Abyss:3)
  A ynoxinul (Abyss:3)
  15 yaks
  5 water elementals
  4 wraiths
  42 redbacks
  13 tarantellas
  2 vampires (D:14)
  A hill giant zombie (D:10)
  A fire elemental (Elf:3)
  A hog (shapeshifter) (Elf:1)
  5 hippogriffs
  2 basilisks
  2 neqoxecs (Abyss:3)
  A hungry ghost (D:15)
  3 vampire mosquitoes
  2 wargs (Orc:1)
  A mottled dragon (D:14)
  2 soldier ants
  5 water moccasins
  A porcupine (Lair:7)
  8 orc warriors
  A necrophage (D:11)
  A black bear (D:13)
  A phantom (D:13)
  16 ogres
  3 wolves (Lair:3)
  4 centaurs
  8 crocodiles
  7 giant frogs
  An earth elemental (Elf:2)
  A scorpion (D:10)
  A wyvern skeleton (D:14)
  4 wights
  2 electric eels (Spider:4)
  2 crimson imps
  2 orc priests
  A giant frog skeleton (D:13)
  3 iguanas
  2 orc wizards
  2 worker ants (D:14)
  An ogre zombie (D:10)
  20 sheep
  4 adders
  30 river rats
  3 orcs
  A goblin zombie (D:10)
  A hobgoblin zombie (D:10)
  8 kobolds
  An orc skeleton (D:10)
  5 orc zombies (D:10)
  3 bushes
  4 butterflies (Lair:2)
  11 fungi
  16 plants
  A starspawn tentacle (Abyss:3)
  A tentacle (Shoals:1)
580 creatures vanquished.

Vanquished Creatures (others)
  An orc warlord (Orc:1)
  A thrashing horror (Abyss:3)
  An orc sorcerer (Lair:5)
  A wolf spider (Spider:1)
  11 orc knights
  A shadow (D:14)
  A soldier ant (shapeshifter) (D:13)
  11 orc warriors
  A slave (D:6)
  A small abomination (Abyss:3)
  A wasp (D:2)
  A wolf (IceCv)
  A crimson imp (D:6)
  13 orc priests
  9 orc wizards
  2 adders
  50 orcs
  A jackal (D:6)
  A hobgoblin zombie (D:5)
  A fire vortex (Abyss:3)
  10 fungi
  A lurking horror (Abyss:2)
  25 plants
  10 starspawn tentacles (Abyss:3)
  16 starspawn tentacle segments (Abyss:3)
  3 tentacles (Shoals:1)
  472 tentacle segments (Shoals:1)
647 creatures vanquished.

Grand Total: 2173 creatures vanquished

Notes
Turn   | Place    | Note
--------------------------------------------------------------
     0 | D:1      | Krapule the Hill Orc Fighter began the quest for the Orb.
     0 | D:1      | Reached XP level 1. HP: 19/19 MP: 1/1
    87 | D:1      | Reached XP level 2. HP: 19/27 MP: 2/2
   426 | D:1      | Reached XP level 3. HP: 31/33 MP: 3/3
  1231 | D:2      | Found an oddly glowing altar of Pakellas.
  1231 | D:2      | Noticed an orange crystal statue
  1232 | D:2      | Noticed a wasp
  1280 | D:2      | Reached XP level 4. HP: 40/40 MP: 4/4
  1288 | D:2      | Killed a wasp
  1976 | D:3      | Found a burning altar of Makhleb.
  1998 | D:3      | Reached XP level 5. HP: 46/46 MP: 5/5
  2300 | D:4      | Found a glowing drain.
  2321 | Sewer    | Entered a sewer
  2388 | Sewer    | Noticed a big kobold
  2436 | Sewer    | Killed a big kobold
  2436 | Sewer    | Reached XP level 6. HP: 49/53 MP: 6/6
  2457 | Sewer    | Found a white marble altar of Elyvilon.
  2543 | D:4      | Noticed Edmund
  2560 | D:4      | Killed Edmund
  2560 | D:4      | Reached skill level 5 in Armour
  2575 | D:4      | Reached skill level 5 in Fighting
  2587 | D:4      | Reached XP level 7. HP: 49/61 MP: 7/7
  2596 | D:4      | Reached skill level 5 in Shields
  2800 | D:4      | Reached skill level 5 in Polearms
  2950 | D:5      | Entered Level 5 of the Dungeon
  3475 | D:5      | Reached XP level 8. HP: 56/70 MP: 8/8
  3617 | D:5      | Became a worshipper of Beogh the Brigand
  3685 | D:5      | Found a glowing golden altar of the Shining One.
  4346 | D:5      | Reached skill level 1 in Invocations
  4563 | D:6      | Found a staircase to the Ecumenical Temple.
  4575 | D:6      | Found Semattog's Food Shop.
  4593 | D:6      | Reached * piety under Beogh
  4595 | D:6      | Noticed Dowan
  4608 | D:6      | Killed Dowan
  4613 | D:6      | Noticed Duvessa
  4656 | D:6      | Killed Duvessa
  4721 | D:6      | Noticed Pikel
  4756 | D:6      | Killed Pikel
  4756 | D:6      | Reached XP level 9. HP: 38/79 MP: 9/11
  4921 | D:6      | Noticed Sigmund
  4930 | D:6      | Killed Sigmund
  5551 | D:7      | Found Azenagh's Jewellery Emporium.
  5705 | D:7      | Reached skill level 5 in Invocations
  6012 | D:7      | Noticed olma's ghost (novice TrBe)
  6076 | D:8      | Reached ** piety under Beogh
  6135 | D:8      | Noticed a troll
  6144 | D:8      | Killed a troll
  6144 | D:8      | Reached XP level 10. HP: 83/88 MP: 14/14
  6241 | D:8      | Noticed Prince Ribbit
  6579 | D:8      | Found a glowing silver altar of Zin.
  6579 | D:8      | Found Zin's Purification Station.
  6880 | D:8      | Killed Prince Ribbit
  7189 | D:8      | Found a staircase to the Lair.
  7323 | D:7      | Killed olma's ghost
  7849 | D:9      | Reached *** piety under Beogh
  8073 | D:9      | Found a shimmering altar of Xom.
  8080 | D:9      | Found an iron altar of Okawaru.
  8080 | D:9      | Found a shattered altar of Ashenzari.
  8080 | D:9      | Found a blossoming altar of Fedhas.
  8080 | D:9      | Found a shadowy altar of Dithmenos.
  8080 | D:9      | Found an ancient bone altar of Kikubaaqudgha.
  8082 | D:9      | Found a sacrificial altar of Ru.
  8085 | D:9      | Found a burning altar of Makhleb.
  8101 | D:9      | Noticed Erolcha
  8117 | D:9      | Killed Erolcha
  8233 | D:9      | Reached XP level 11. HP: 96/96 MP: 16/16
  8258 | D:9      | Found an opulent altar of Gozag.
  8351 | D:10     | Entered Level 10 of the Dungeon
  8494 | D:10     | Found a staircase to the Orcish Mines.
  8541 | D:10     | Reached **** piety under Beogh
  8927 | D:10     | Noticed a hill giant
  8939 | D:10     | Killed a hill giant
  9072 | D:10     | Noticed Franakus's ghost (novice DECj)
  9084 | D:10     | Killed Franakus's ghost
  9413 | D:11     | Noticed Urug
  9586 | D:11     | Noticed a green ugly thing
  9599 | D:11     | Killed a green ugly thing
  9795 | D:10     | Reached skill level 10 in Armour
 10000 | Lair:1   | Entered Level 1 of the Lair of Beasts
 10000 | Lair:1   | Noticed Harold
 10039 | Lair:1   | Killed Harold
 10039 | Lair:1   | Reached skill level 10 in Fighting
 10204 | Lair:1   | Got a fine scale mail
 10232 | Lair:1   | Identified the +2 scale mail of Tuumokef {+Blink MR- Str+10 Int+2} (You found it on level 1 of the Lair of Beasts)
 10524 | Lair:1   | Got a faintly glowing ring mail
 10749 | Lair:2   | Reached skill level 10 in Shields
 11041 | D:7      | Bought the ring of Faidily {rPois rN+ Str+6 Int-4 Dex+4} for 569 gold pieces
 11325 | Lair:2   | Reached ***** piety under Beogh
 11385 | Lair:2   | Noticed an eight-headed hydra
 11392 | Lair:2   | Killed an eight-headed hydra
 11392 | Lair:2   | Reached skill level 10 in Polearms
 11472 | Lair:2   | Noticed an eight-headed hydra
 11481 | Lair:2   | Killed an eight-headed hydra
 11481 | Lair:2   | Reached XP level 12. HP: 11/107 MP: 15/19
 11640 | Lair:2   | Noticed a seven-headed hydra
 11646 | Lair:2   | Killed a seven-headed hydra
 12552 | Lair:4   | Found a frozen archway.
 12564 | IceCv    | Entered an ice cave
 12608 | IceCv    | Reached skill level 10 in Invocations
 13094 | Lair:4   | Gained Morbeogh as an ally
 14223 | Orc:1    | Entered Level 1 of the Orcish Mines
 14223 | Orc:1    | Noticed Nergalle
 14341 | D:10     | Killed Nergalle
 14505 | Orc:2    | Entered Level 2 of the Orcish Mines
 14626 | Orc:1    | Noticed an orc warlord
 15118 | Lair:5   | Gained Warbeogh as an ally
 15359 | Lair:5   | Noticed a death yak
 15361 | Lair:5   | Noticed a death yak
 15369 | Lair:5   | Noticed a death yak
 15372 | Lair:5   | Killed a death yak
 15377 | Lair:5   | Killed a death yak
 15381 | Lair:5   | Killed a death yak
 15381 | Lair:5   | Reached XP level 13. HP: 72/117 MP: 21/21
 15890 | Lair:6   | Got a twisted great sword
 16226 | Lair:6   | Found a staircase to the Slime Pits.
 16226 | Lair:6   | Found a viscous altar of Jiyva.
 16355 | Lair:6   | Found a hole to the Spider Nest.
 16712 | Lair:6   | Reached ****** piety under Beogh
 16754 | Lair:6   | Found a staircase to the Shoals.
 17295 | Lair:7   | Gained Horkud as an ally
 17295 | Lair:7   | Gained Syrus as an ally
 17463 | Lair:7   | Your ally Syrus died
 17666 | Lair:8   | Entered Level 8 of the Lair of Beasts
 17880 | Lair:8   | Gained Bladwarg as an ally
 18117 | Lair:8   | Gained Harm as an ally
 18177 | Lair:8   | Found a bloodstained altar of Trog.
 18245 | Lair:8   | Your ally Warbeogh died
 18944 | Orc:2    | Found Toni's Armour Emporium.
 18956 | Orc:2    | Reached XP level 14. HP: 112/127 MP: 23/23
 19514 | Orc:2    | Found Zanad's Antique Armour Shoppe.
 19653 | Orc:2    | Found Bali's Assorted Antiques.
 19665 | Orc:2    | Gained Agrik as an ally
 19694 | Orc:2    | Found Ytaph's General Store.
 19723 | Orc:2    | Bought a potion of heal wounds for 190 gold pieces
 19728 | Orc:2    | Bought a potion of heal wounds for 80 gold pieces
 19739 | Orc:2    | Bought a runed cloak for 112 gold pieces
 19895 | Orc:1    | Found a roughly hewn altar of Beogh.
 19926 | Orc:1    | Noticed Snorg
 19937 | Orc:1    | Killed Snorg
 20117 | Orc:2    | Found a staircase to the Elven Halls.
 22792 | D:12     | Noticed manyhoops's ghost (journeyman OgHu)
 22806 | D:12     | Killed manyhoops's ghost
 22880 | D:12     | You fall through a shaft for 2 floors!
 23037 | D:13     | Gained Warrok as an ally
 23206 | D:12     | Noticed Fannar
 23219 | D:12     | Killed Fannar
 23716 | D:12     | Gained Orbeogh as an ally
 24142 | D:13     | Reached XP level 15. HP: 137/137 MP: 25/25
 24320 | D:13     | Noticed an iron dragon
 24337 | D:13     | Killed an iron dragon
 25155 | Shoals:1 | Entered Level 1 of the Shoals
 25331 | Shoals:1 | Gained Borgun as an ally
 26121 | Shoals:1 | Noticed a kraken
 26127 | Shoals:1 | Your ally Agrik died
 26725 | Shoals:1 | Your ally Harm died
 27453 | Shoals:2 | Gained Borgk as an ally
 27690 | Shoals:2 | Reached XP level 16. HP: 147/147 MP: 27/27
 27797 | Shoals:3 | Gained Syrus as an ally
 27799 | Shoals:3 | Reached skill level 15 in Fighting
 27872 | Shoals:3 | Your ally Borgk died
 27924 | Shoals:3 | Your ally Bladwarg died
 27927 | Shoals:3 | Your ally Syrus died
 27962 | Shoals:3 | Your ally Morbeogh died
 27977 | Shoals:3 | Your ally Horkud died
 27978 | Shoals:3 | Your ally Borgun died
 27982 | Shoals:3 | Reached skill level 15 in Invocations
 28654 | Shoals:4 | Entered Level 4 of the Shoals
 29101 | Lair:1   | Identified a +5 rod of inaccuracy (14/14) (You found it on level 8 of the Lair of Beasts)
 29244 | Spider:1 | Entered Level 1 of the Spider Nest
 29244 | Spider:1 | Noticed Asterion
 29261 | Spider:1 | Killed Asterion
 29539 | Spider:1 | Noticed Josephine
 29539 | Spider:1 | Noticed Aizul
 29545 | Spider:1 | Killed Josephine
 29561 | Spider:1 | Your ally Orbeogh died
 29582 | Spider:1 | Killed Aizul
 31068 | Spider:2 | Reached skill level 15 in Shields
 31506 | Spider:3 | Reached XP level 17. HP: 158/158 MP: 28/28
 31531 | Spider:3 | Reached skill level 15 in Armour
 31600 | Spider:3 | Noticed Donald
 31614 | Spider:3 | Killed Donald
 31968 | Spider:3 | Noticed Arachne
 31980 | Spider:3 | Killed Arachne
 32367 | Spider:4 | Entered Level 4 of the Spider Nest
 32703 | Lair:1   | Identified the +1 ring mail of the Game of Kings {rC- Regen+ Str+3 Int+6} (You found it on level 1 of the Lair of Beasts)
 33022 | D:14     | Reached skill level 15 in Polearms
 33599 | D:14     | Found a gate to the Vaults.
 33757 | D:14     | Found Plog's Antique Armour Shoppe.
 33810 | D:15     | Entered Level 15 of the Dungeon
 34127 | D:15     | Found an oddly glowing altar of Pakellas.
 34475 | D:15     | Found a staircase to the Depths.
 34815 | Elf:1    | Entered Level 1 of the Elven Halls
 35096 | Elf:1    | Got a bloodstained scimitar
 35097 | Elf:1    | Found Geoptiurch's Gadget Shop.
 35711 | Elf:1    | Found a radiant altar of Vehumet.
 36494 | Elf:1    | Got a pair of smoking boots
 36505 | Elf:1    | Identified the cursed +0 pair of boots "Ezeogg" {rC++ Str+5} (You found it on level 1 of the Elven Halls)
 36775 | Elf:2    | Found a flickering gateway to a bazaar.
 36797 | Bazaar   | Entered a bazaar
 36805 | Bazaar   | Found Bomeit's Magic Scroll Emporium.
 36805 | Bazaar   | Found Aregepn's Jewellery Shoppe.
 36829 | Bazaar   | Bought a scroll of identify for 26 gold pieces
 36829 | Bazaar   | Bought a scroll of fear for 45 gold pieces
 36829 | Bazaar   | Bought a scroll of recharging for 123 gold pieces
 36829 | Bazaar   | Bought a scroll of enchant armour for 97 gold pieces
 36829 | Bazaar   | Bought a scroll of magic mapping for 45 gold pieces
 36829 | Bazaar   | Bought a scroll of enchant armour for 97 gold pieces
 36829 | Bazaar   | Bought a scroll of identify for 26 gold pieces
 36829 | Bazaar   | Bought a scroll of blinking for 97 gold pieces
 36829 | Bazaar   | Bought a scroll of identify for 26 gold pieces
 36832 | Bazaar   | Bought the ring "Tiyfihou" {MR+ MP+9 Int+4} for 444 gold pieces
 37163 | Elf:2    | Cast into level 3 of the Abyss (a deep elf sorcerer)
 37229 | Abyss:3  | Gained Beowulf as an ally
 37293 | Abyss:3  | Reached XP level 18. HP: 137/168 MP: 30/30
 37380 | Abyss:3  | Got an abyssal rune of Zot
 37712 | Abyss:3  | Gained Orik as an ally
 37745 | Abyss:3  | Lost intelligence.
 37754 | Abyss:3  | Paralysed by accursed screaming for 2 turns
 37760 | Elf:2    | Escaped the Abyss
 37765 | Elf:2    | Your ally Orik died
 38109 | Elf:2    | Found a huge runed gate.
 38109 | Elf:2    | Found a huge runed gate.
 38110 | Elf:2    | Found a huge runed gate.
 38114 | Elf:2    | Found a huge runed gate.
 38117 | Elf:2    | Found a huge runed gate.
 38651 | Elf:3    | Entered Level 3 of the Elven Halls
 39254 | Elf:3    | Noticed a deep elf master archer
 39255 | Elf:3    | Cast into level 2 of the Abyss (a deep elf demonologist)
 39365 | Elf:3    | Escaped the Abyss
 39395 | Elf:3    | Noticed a deep elf blademaster
 39396 | Elf:3    | Noticed a deep elf master archer
 39398 | Elf:3    | Noticed a deep elf blademaster
 39507 | Elf:3    | Killed a deep elf master archer
 39622 | Elf:3    | Noticed a Tzitzimitl
 39624 | Elf:3    | Gained mutation: You tend to lose your temper in combat. [a neqoxec]
 39626 | Elf:3    | Gained mutation: You occasionally shout uncontrollably at your foes. [a neqoxec]
 39630 | Elf:3    | Cast into level 3 of the Abyss (a deep elf demonologist)
 40023 | Abyss:3  | Gained Oruk as an ally
 40038 | Abyss:3  | Gained Bogrim as an ally
 40045 | Abyss:3  | Paralysed by accursed screaming for 1 turns
 40051 | Abyss:3  | Gained Beowulf as an ally
 40055 | Abyss:3  | Found a corrupted altar of Lugonu.
 40074 | Abyss:3  | Your ally Oruk died
 40075 | Abyss:3  | Your ally Beowulf died
 40139 | Abyss:3  | HP: 8/171 [tormentor/nerve-wracking pain (8)]
 40160 | Abyss:3  | Your ally Bogrim died
 40381 | Abyss:3  | Found a corrupted altar of Lugonu.
 40402 | Abyss:3  | Reached XP level 19. HP: 123/179 MP: 22/22
 40407 | Abyss:3  | Found a corrupted altar of Lugonu.
 40527 | Abyss:3  | Noticed a tentacled monstrosity
 40714 | Elf:3    | Escaped the Abyss
 40865 | Elf:3    | Got a thick robe
 40953 | Elf:3    | Cast into level 3 of the Abyss (a deep elf demonologist)
 40992 | Elf:3    | Escaped the Abyss
 41168 | Elf:3    | Identified a scroll of acquirement
 41848 | Elf:3    | Got a scorched flail {crush}
 41909 | Elf:3    | Cast into level 2 of the Abyss (a deep elf demonologist)
 42080 | Abyss:2  | Noticed a bone dragon
 42110 | Abyss:2  | Killed a bone dragon
 42236 | Elf:3    | Escaped the Abyss
 42416 | Elf:3    | Got an ancient trident {pierce}
 42418 | Elf:3    | Got a smoking mace {pain}
 42465 | Elf:3    | Got a scorched flail {freeze}
 43050 | Lair:1   | Identified the cursed +1 trident "Giant's Death" {pierce, rPois} (You took it off a deep elf mage on level 3 of the Elven Halls)
 43287 | Elf:3    | Got a crystal mace {venom}
 44047 | Spider:4 | Gained Brandogh as an ally
 44948 | Spider:4 | Reached XP level 20. HP: 189/189 MP: 21/33
 44983 | Spider:4 | Got a gossamer rune of Zot
 45621 | Shoals:4 | Noticed Ilsuiw
 45657 | Shoals:4 | HP: 11/283 [snapping turtle (28)]
 45659 | Shoals:4 | HP: 5/283 [merfolk/trident (19)]
 45659 | Shoals:4 | Slain by a merfolk javelineer

Skill      XL: |  1  2  3  4  5  6  7  8  9 10 11 12 13 14 15 16 17 18 19 |
---------------+----------------------------------------------------------+-----
Armour         | 4 5 7 8 9 10 11 12 13 14 15 16 17 | 17.3
Polearms       | 3 4 5 6 7 8 10 11 12 13 14 15 16 17 | 17.1
Fighting       | 4 5 7 8 9 10 11 12 13 14 15 16 17 18 | 18.8
Shields        | 4 5 7 8 9 10 11 12 13 14 15 16 17 | 17.2
Invocations    | 3 5 7 9 11 12 13 14 15 16 17 18 | 18.8

Action                   |  1- 3 |  4- 6 |  7- 9 | 10-12 | 13-15 | 16-18 | 19-21 || total
-------------------------+-------+-------+-------+-------+-------+-------+-------++-------
Melee: Trident           |   140 |   218 |   577 |  1112 |  1392 |  1716 |   110 ||  5265
       Demon trident     |       |       |       |       |       |       |   429 ||   429
Invok: Convert to Beogh  |       |       |     1 |       |       |       |       ||     1
       Smiting           |       |       |       |     5 |     3 |    11 |     1 ||    20
       Recall Orcish Fol |       |       |       |     5 |    10 |    11 |     7 ||    33
       Give Item to Name |       |       |       |     1 |       |     2 |       ||     3
Evoke: Wand              |       |     2 |       |     8 |    12 |     2 |     6 ||    30
  Use: Scroll            |     6 |     1 |     6 |     9 |     6 |    18 |    21 ||    67
       Potion            |       |       |     1 |     1 |     2 |     7 |    13 ||    24
 Stab: Distracted        |       |       |       |     6 |    11 |    11 |     3 ||    31
       Paralysed         |       |       |       |     2 |       |       |       ||     2
  Eat: Chunk             |     1 |     4 |    11 |    24 |    28 |    19 |     8 ||    95
       Beef jerky        |       |       |     1 |     2 |       |       |       ||     3
       Pizza             |       |       |     1 |     1 |       |     1 |     3 ||     6
       Bread ration      |       |       |       |     1 |     3 |     3 |     3 ||    10
       Fruit             |       |       |       |     1 |       |     2 |       ||     3
       Meat ration       |       |       |       |       |       |     2 |       ||     2
Armor: Scale mail        |    50 |    71 |   248 |   226 |   285 |   393 |    95 ||  1368
       Plate armour      |       |       |       |   143 |       |       |       ||   143
       Skin              |       |       |       |       |       |       |    74 ||    74
Dodge: Dodged            |    37 |    57 |   143 |   165 |   224 |   211 |    87 ||   924
Block: Shield            |    53 |    87 |   281 |   568 |   670 |   792 |   294 ||  2745
